 Dungeon Crawl Stone Soup version 0.29.0-11-gd7f09526c8 (webtiles) character file.

Game seed: 5363926589823546300

70921 themarg the Martial Artist (level 15, -8/105 HPs)
             Began as a Gnoll Transmuter on Sept 3, 2022.
             Was a High Priest of Hepliaklqana.
             Killed from afar by a thorn hunter (39 damage)
             ... with a volley of thorns
             ... on level 2 of the Swamp on Sept 6, 2022.
             The game lasted 04:32:35 (32216 turns).

themarg the Martial Artist (Gnoll Transmuter)      Turns: 32216, Time: 04:32:37

Health: -8/105     AC: 24    Str: 12    XL:     15   Next: 34%
Magic:  21/30      EV: 15    Int: 24    God:    Hepliaklqana [*****.]
Gold:   704        SH:  0    Dex: 14    Spells: 0/37 levels left

rFire   x . .      SeeInvis +   w - +14 obsidian axe {vorpal, Mesm Drain Fly SInv}
rCold   . . .      Faith    .   (no shield)
rNeg    + + +      Spirit   .   g - +5 ring mail of the Onion {rF- rN+++ Regen+ Dex+2}
rPois   +          Reflect  .   o - +2 helmet
rElec   .          Harm     .   Z - +1 cloak of Gallantry {rPois}
rCorr   .          Rampage  .   e - +0 pair of gloves
Will    +....                   W - +0 pair of boots
Stlth   ++++......              V - amulet of magic regeneration
HPRegen 1.07/turn               t - +4 ring of protection
MPRegen 0.62/turn               x - +6 ring of intelligence

@: flying, mesmerised
A: reduced essence, fangs 1, strong nose, distributed training, iridescent
scales 1, see invisible, deformed body
a: Renounce Religion, Recall Ancestor, Ancestor Identity, Transference, Idealise


You were on level 2 of the Swamp.
You worshipped Hepliaklqana.
Hepliaklqana was extremely pleased with you.
You visited 6 branches of the dungeon, and saw 23 of its levels.
You also visited: Ossuary, Bailey and Volcano.

You collected 2014 gold pieces.
You spent 1310 gold pieces at shops.

Inventory:

Hand Weapons
 w - the +14 obsidian axe (weapon) {vorpal, Mesm Drain Fly SInv}
   (You found it on level 2 of the Lair of Beasts)

   It inflicts extra damage upon your enemies.
   It occasionally summons demons to assist the wielder when it strikes in
   combat.
   Its wielder is mesmerised by any visible foes.
   It cannot be unequipped while any foes are visible.
   SInv:      It lets you see invisible.
   Fly:       It grants you flight.
   Drain:     It drains your maximum health when unequipped.
 O - the +6 sling "Ququaliy" {vorpal, rF+ rC++ Dex+2}
   (You found it on level 6 of the Dungeon)

   Any ammunition fired from it inflicts extra damage upon your enemies.
   Dex:       It affects your dexterity (+2).
   rF:        It protects you from fire.
   rC:        It greatly protects you from cold.
 Q - a +1 lajatang of flaming
Missiles
 p - 7 javelins
 A - 25 poisoned darts
 I - 6 atropa-tipped darts
Armour
 e - a +0 pair of gloves (worn)
 g - the +5 ring mail of the Onion (worn) {rF- rN+++ Regen+ Dex+2}
   (You bought it in a shop on level 2 of the Orcish Mines)

   Dex:       It affects your dexterity (+2).
   rF:        It makes you vulnerable to fire.
   rN:        It renders you almost immune to negative energy.
   Regen:     It increases your rate of health regeneration.
 n - a +2 robe of willpower
 o - a +2 helmet (worn)
 W - a +0 pair of boots (worn)
 Z - the +1 cloak of Gallantry (worn) {rPois}
   (You found it on level 7 of the Dungeon)

   rPois:     It protects you from poison.
Jewellery
 t - a +4 ring of protection (left hand)
 x - a +6 ring of intelligence (right hand)
 D - a ring of poison resistance
 V - an amulet of magic regeneration (around neck)
Wands
 q - a wand of mindburst (4)
 v - a wand of flame (54)
 E - a wand of iceblast (3)
 H - a wand of paralysis (12)
 N - a wand of digging (6)
 S - a wand of polymorph (8)
Scrolls
 c - 6 scrolls of teleportation
 l - a scroll of silence {unknown}
 m - 4 scrolls of enchant armour
 r - a scroll of enchant weapon {unknown}
 s - a scroll of torment {unknown}
 y - 3 scrolls of immolation
 C - 2 scrolls of amnesia
 F - 7 scrolls of butterflies
 G - 2 scrolls of magic mapping
 K - 4 scrolls of brand weapon
 M - 2 scrolls of blinking {unknown}
 R - 5 scrolls of fear
 T - 4 scrolls of summoning {unknown}
 U - 4 scrolls of poison {unknown}
Potions
 a - 3 potions of brilliance
 b - 5 potions of lignification
 d - 4 potions of mutation
 f - 4 potions of berserk rage
 h - 3 potions of heal wounds
 i - 4 potions of might
 j - 3 potions of haste
 k - 14 potions of curing
 u - 2 potions of attraction {unknown}
 B - 3 potions of resistance
 J - 2 potions of ambrosia
 L - 2 potions of magic {unknown}
 P - 2 potions of invisibility
 X - 6 potions of flight
Miscellaneous
 Y - a condenser vane (inert)


   Skills:
 + Level 10.7 Fighting
 + Level 10.4 Short Blades
 + Level 10.4 Long Blades
 + Level 10.4 Axes
 + Level 10.4 Maces & Flails
 + Level 10.4 Polearms
 + Level 10.4 Staves
 + Level 10.4 Ranged Weapons
 + Level 10.4 Throwing
 + Level 10.4 Armour
 + Level 11.3 Dodging
 + Level 10.4 Stealth
 + Level 10.4 Shields
 + Level 12.2 Unarmed Combat
 + Level 11.5 Spellcasting
 + Level 8.7 Conjurations
 + Level 8.7 Hexes
 + Level 8.7 Summonings
 + Level 8.7 Necromancy
 + Level 8.7 Translocations
 + Level 9.5 Transmutations
 + Level 8.7 Fire Magic
 + Level 8.7 Ice Magic
 + Level 8.7 Air Magic
 + Level 8.7 Earth Magic
 + Level 8.7 Poison Magic
 + Level 11.3 Invocations
 + Level 10.4 Evocations


You couldn't memorise any spells.
You knew the following spells:

 Your Spells              Type           Power      Damage    Failure   Level
a - Hailstorm             Conj/Ice       54%        3d12      2%          4
b - Wereblood             Tmut           56%        N/A       1%          2
c - Irradiate             Conj/Tmut      27%        3d20      5%          5
d - Blade Hands           Tmut           28%        N/A       4%          5
e - Ignite Poison         Fire/Tmut/Pois 54%        N/A       1%          3
f - Ice Form              Ice/Tmut       55%        N/A       1%          4
g - Iskenderun's Battles  Conj           54%        2d10      7%          5
h - Sticky Flame          Conj/Fire      54%        2d7       2%          4
i - Summon Forest         Summ/Tloc      27%        N/A       7%          5

Your spell library contained the following spells:

 Spells                   Type           Power      Damage    Failure   Level
 Apportation              Tloc           100%       N/A       1%          1
 Beastly Appendage        Tmut           100%       N/A       1%          1
 Freeze                   Ice            100%       1d11      1%          1
 Necrotise                Necr           100%       1d9       1%          1
 Summon Small Mammal      Summ           100%       N/A       1%          1
 Blink                    Tloc           100%       N/A       1%          2
 Ensorcelled Hibernation  Hex/Ice        100%       N/A       1%          2
 Passwall                 Tmut/Erth      45%        N/A       1%          2
 Static Discharge         Conj/Air       54%        3-10/arc  1%          2
 Call Canine Familiar     Summ           54%        N/A       1%          3
 Conjure Flame            Conj/Fire      54%        6-21      1%          3
 Frozen Ramparts          Ice            100%       1d16      1%          3
 Inner Flame              Hex/Fire       54%        N/A       1%          3
 Spider Form              Tmut/Pois      55%        N/A       1%          3
 Summon Guardian Golem    Hex/Summ       54%        N/A       1%          3
 Swiftness                Air            54%        N/A       1%          3
 Anguish                  Hex/Necr       27%        N/A       2%          4
 Cause Fear               Hex            27%        N/A       2%          4
 Dispel Undead            Necr           54%        3d20      2%          4
 Manifold Assault         Tloc           54%        N/A       7%          5
 Summon Mana Viper        Hex/Summ       54%        N/A       7%          5
 Iron Shot                Conj/Erth      27%        9d6       36%         6
 Summon Cactus Giant      Summ           27%        N/A       36%         6
 Dragon Form              Tmut           28%        N/A       82%         7
 Storm Form               Tmut/Air       27%        N/A       86%         7
 Enfeeble                 Hex            27%        N/A       90%         7
 Spellforged Servitor     Conj/Summ      27%        N/A       90%         7
 Discord                  Hex            27%        N/A       100%        8


Dungeon Overview and Level Annotations

Branches:
Dungeon (13/15)            Temple (1/1) D:7            Lair (4/5) D:11
  Swamp (2/4) Lair:2       Spider (1/4) Lair:3          Orc (2/2) D:9
    Elf (0/3) Orc:2       Ossuary (visited)          Bailey (visited)
Volcano (visited)
  Slime: Lair:4-5    Vaults: D:13-14

Altars:
Ashenzari
Cheibriados
Dithmenos
Elyvilon
Fedhas
Gozag
Hepliaklqana
Kikubaaqudgha
Makhleb
Nemelex Xobeh
Okawaru
Qazlal
Ru
Sif Muna
Trog
Uskayaw
Vehumet
Wu Jian
Xom
Yredelemnul
Zin
The Shining One

Shops:
D:4 *   D:7 !   Orc:2 [[[

Annotations:
D:7 1 exclusion
D:13 Azrael
Spider:1 Asterion


Innate Abilities, Weirdness & Mutations

Your life essence is reduced to manifest your ancestor. (-10% HP)
You have very sharp teeth.
Your uncanny sense of smell can sniff out nearby items.
Your experience applies equally to all skills.
You are partially covered in iridescent scales. (AC +2)
You have supernaturally acute eyesight. (SInv)
Armour fits poorly on your strangely shaped body.


Message History

The briar patch is heavily damaged.
The hail pelts the briar patch!!
You destroy the briar patch!
The thorn hunter is engulfed in freezing vapours.
The thorn hunter fires a volley of thorns at you.
The volley of thorns hits you!!
Casting: Hailstorm (mildly dangerous; 2% risk of failure)
Confirm with . or Enter, or press ? or * to list all spells.
Casting: Hailstorm (mildly dangerous; 2% risk of failure)
Press: ? - help, Dir - look around, f - activate A cannonade of hail descends around you!
The hail pelts the briar patch!!
You destroy the briar patch!
The hail pelts the thorn hunter!
The thorn hunter is heavily damaged.
The hail pelts the briar patch!!
You destroy the briar patch!
The hail pelts the briar patch!!
You destroy the briar patch!
The hail pelts the briar patch!!
You destroy the briar patch!
The thorn hunter is engulfed in freezing vapours.
The thorn hunter gestures.
The thorn hunter is engulfed in freezing vapours.
The thorn hunter gestures.
Casting: Hailstorm (mildly dangerous; 2% risk of failure)
Confirm with . or Enter, or press ? or * to list all spells.
Casting: Hailstorm (mildly dangerous; 2% risk of failure)
Press: ? - help, Dir - look around, f - activate A cannonade of hail descends around you!
The hail pelts the thorn hunter!
The thorn hunter is severely damaged.
The hail pelts the briar patch!
The briar patch is heavily damaged.
The thorn hunter fires a volley of thorns at you.
The volley of thorns hits you!!
* * * LOW HITPOINT WARNING * * *
The thorn hunter fires a volley of thorns at you.
The volley of thorns hits you!!!
You die...

♣♣♣♣♣♣♣♣ ♣
♣♣♣♣~.....♣♣
.~♣..~~~.~~~.♣♣
.~.~~§§§§fP@..♣
.♣.~~~§§§~P~.~♣
♣..~§.§~♣.P~~♣♣
~♣♣.....♣♣
♣♣..~~...♣ .....
..♣♣♣♣♣~..~~P§.♣♣
~....
~~~.....~~~~~~~.♣
♣~~..
.~~.~~...~~~~~~~♣
♣~~~>
...~......~~~~~.♣♣♣♣
♣~~~.


You could see a thorn hunter (mesmerising).

Vanquished Creatures
  A bunyip (Swamp:2)
  A spark wasp (Spider:1)
  Erolcha (Orc:1)
  2 boulder beetles
  A catoblepas (Lair:4)
  2 vault guards (Bailey)
  2 ogre magi (Orc:2)
  2 hydras (D:12)
  A dancing weapon (Volcano)
  7 two-headed ogres
  Urug (Orc:2)
  2 orc high priests (Orc:2)
  An orb spider (Spider:1)
  2 deep trolls (Orc:2)
  3 wizards (Volcano)
  An orc knight (Orc:2)
  2 wolf spiders (Spider:1)
  An orc sorcerer (Orc:1)
  2 manticores
  6 cyclopes
  An ugly thing (D:13)
  Maurice (D:8)
  3 elephants (Lair:3)
  A toenail golem (Volcano)
  Maggie (Lair:1)
  Psyche (D:9)
  6 cane toads
  A gargoyle (D:12)
  An unseen horror (D:11)
  2 kobold demonologists
  A demonic crawler (Spider:1)
  5 komodo dragons
  A polar bear (Lair:2)
  7 tarantellas (Spider:1)
  8 trolls
  2 meliai (Spider:1)
  3 hornets
  Prince Ribbit (Bailey)
  7 blink frogs
  A jumping spider (Spider:1)
  8 culicivoras (Spider:1)
  A spriggan (Swamp:1)
  A wraith (D:12)
  3 humans (Bailey)
  A wyvern (D:8)
  A fire elemental (D:13)
  15 yaks
  A steam dragon (D:7)
  2 basilisks
  3 vampire mosquitoes (Swamp:1)
  13 redbacks (Spider:1)
  2 wargs (Orc:2)
  A hell hound (D:13)
  A water moccasin (Lair:4)
  4 swamp worms
  A swamp drake (Swamp:1)
  A black bear (D:5)
  15 ogres
  24 orc warriors
  4 kobold brigands
  A phantom (D:6)
  2 elf zombies (D:7)
  18 bullfrogs
  2 gnoll sergeants
  A necrophage (D:7)
  2 elf skeletons (D:7)
  3 scorpions
  11 wights
  2 killer bees (D:10)
  A howler monkey (D:5)
  A crimson imp (D:11)
  2 hounds
  15 orc priests
  3 jellies
  A centaur zombie (Ossuary)
  A gnoll bouda (D:5)
  3 human skeletons (D:7)
  Crazy Yiuf (D:2)
  3 iron imps (D:10)
  5 iguanas
  Terence (D:2)
  2 hexers
  18 orc wizards
  A statue (D:10)
  A boggart simulacrum (D:12)
  4 mummies (Ossuary)
  24 gnolls
  6 adders
  3 ufetubi
  3 worms
  The ghost of Pickoidrickoid the Sneak, a weakling MeDe (D:7)
  3 dart slugs
  74 orcs
  11 ball pythons
  6 endoplasms
  2 giant cockroaches (D:4)
  A gnoll zombie (Ossuary)
  9 hobgoblins
  10 jackals
  2 quokkas
  7 bats
  5 frilled lizards
  10 goblins
  A goblin zombie (Ossuary)
  11 kobolds
  2 kobold zombies (Ossuary)
  4 orc skeletons (D:7)
  3 orc zombies (Ossuary)
  5 rats
  11 briar patches (Swamp:2)
516 creatures vanquished.

Vanquished Creatures (collateral kills)
  Frances (D:11)
  A centaur warrior (D:13)
  4 two-headed ogres
  An alligator (Swamp:1)
  A bog body (Swamp:1)
  An orb spider (Spider:1)
  A spriggan druid (Swamp:1)
  2 wizards (Volcano)
  A lindwurm (Lair:3)
  2 wolf spiders (Spider:1)
  An oklob plant (D:11)
  4 toenail golems (Volcano)
  2 orc sorcerers
  An elephant (Lair:3)
  A gargoyle (D:12)
  2 cane toads (Lair:3)
  3 kobold demonologists
  A rime drake (Lair:3)
  A demonic crawler (Spider:1)
  A meliai (Spider:1)
  4 trolls (Orc:2)
  4 blink frogs
  A tyrant leech (Swamp:1)
  A hornet (Swamp:1)
  2 tarantellas (Spider:1)
  A culicivora (Spider:1)
  A human (Bailey)
  2 jumping spiders (Spider:1)
  A spriggan (Swamp:1)
  A wyvern (Lair:1)
  7 yaks
  A fire elemental (D:13)
  A vampire mosquito (Swamp:1)
  7 redbacks (Spider:1)
  2 swamp worms (Swamp:1)
  4 orc warriors
  A swamp drake (Swamp:1)
  6 ogres
  2 bullfrogs
  A gnoll sergeant (D:10)
  2 wights
  A killer bee (D:10)
  3 crimson imps (D:11)
  A gnoll bouda (D:9)
  4 orc priests
  A jelly (D:8)
  7 orc wizards
  5 gnolls
  25 orcs
  A goblin (Bailey)
  4 kobolds
136 creatures vanquished.

Vanquished Creatures (others)
  23 hexers
  3 ancestors
  An orc (Orc:1)
  2 fungi (Lair:3)
  21 plants
50 creatures vanquished.

Grand Total: 702 creatures vanquished

Notes
Turn   | Place    | Note
-------+----------+-------------------------------------------
     0 | D:1      | themarg the Gnoll Transmuter began the quest for the Orb.
     0 | D:1      | Reached XP level 1. HP: 17/17 MP: 6/6
    18 | D:1      | You fall into a shaft and drop 1 floor!
   102 | D:2      | Reached XP level 2. HP: 23/23 MP: 5/7
   107 | D:2      | Learned a level 2 spell: Wereblood
   312 | D:1      | Reached skill level 5 in Spellcasting
   312 | D:1      | Reached XP level 3. HP: 28/28 MP: 6/9
   528 | D:1      | Reached skill level 1 in Invocations
   651 | D:1      | Found a faded altar of an unknown god.
   750 | D:2      | Learned a level 3 spell: Spider Form
   886 | D:2      | Reached skill level 1 in Short Blades
   886 | D:2      | Reached skill level 1 in Long Blades
   886 | D:2      | Reached skill level 1 in Axes
   886 | D:2      | Reached skill level 1 in Maces & Flails
   886 | D:2      | Reached skill level 1 in Polearms
   886 | D:2      | Reached skill level 1 in Staves
   886 | D:2      | Reached skill level 1 in Ranged Weapons
   886 | D:2      | Reached skill level 1 in Throwing
   886 | D:2      | Reached skill level 1 in Armour
   886 | D:2      | Reached skill level 1 in Stealth
   886 | D:2      | Reached skill level 1 in Shields
   886 | D:2      | Reached skill level 1 in Evocations
  1002 | D:2      | Reached XP level 4. HP: 10/34 MP: 11/11
  1366 | D:2      | Noticed Terence
  1372 | D:2      | Killed Terence
  1373 | D:2      | Reached skill level 1 in Conjurations
  1373 | D:2      | Reached skill level 1 in Hexes
  1373 | D:2      | Reached skill level 1 in Summonings
  1373 | D:2      | Reached skill level 1 in Necromancy
  1373 | D:2      | Reached skill level 1 in Translocations
  1373 | D:2      | Reached skill level 1 in Fire Magic
  1373 | D:2      | Reached skill level 1 in Ice Magic
  1373 | D:2      | Reached skill level 1 in Air Magic
  1373 | D:2      | Reached skill level 1 in Earth Magic
  1373 | D:2      | Reached skill level 1 in Poison Magic
  1531 | D:2      | Identified the +3 ring mail of Hairiness {Int+2}
  1615 | D:2      | Found a runed translucent door.
  1616 | D:2      | Noticed Crazy Yiuf
  1626 | D:2      | Killed Crazy Yiuf
  1627 | D:2      | Reached XP level 5. HP: 40/40 MP: 8/12
  2180 | D:3      | Found a broken altar of Ashenzari.
  2241 | D:3      | Found a faded altar of an unknown god.
  2245 | D:3      | Found a bloodstained altar of Trog.
  3045 | D:4      | Found Ugayrask's Gadget Gallery.
  3109 | D:4      | Reached XP level 6. HP: 47/47 MP: 10/14
  3282 | D:4      | Reached skill level 5 in Dodging
  3324 | D:4      | Found a stormy altar of Qazlal.
  3852 | D:5      | Entered Level 5 of the Dungeon
  3894 | D:5      | Learned a level 3 spell: Call Canine Familiar
  3929 | D:5      | Found a shimmering altar of Xom.
  3929 | D:5      | Found an iron altar of Okawaru.
  3955 | D:5      | Noticed a black bear
  3969 | D:5      | Killed a black bear
  3970 | D:5      | Reached skill level 7 in Unarmed Combat
  3970 | D:5      | Reached XP level 7. HP: 52/52 MP: 12/15
  4987 | D:5      | Found a shadowy altar of Dithmenos.
  5201 | D:6      | Reached XP level 8. HP: 60/60 MP: 9/16
  5516 | D:6      | Identified the +6 sling "Ququaliy" {vorpal, rF+ rC++ Dex+2}
  5528 | D:6      | Found an ornate altar of the Wu Jian Council.
  5607 | D:7      | Found a staircase to the Ecumenical Temple.
  5616 | Temple   | Entered the Ecumenical Temple
  5621 | Temple   | Became a worshipper of Hepliaklqana the Forgotten
  5718 | D:7      | Found a sparkling altar of Nemelex Xobeh.
  5814 | D:7      | Found a runed translucent gate.
  5814 | D:7      | Found a runed translucent gate.
  5814 | D:7      | Found a runed translucent gate.
  5814 | D:7      | Noticed Pickoidrickoid's ghost (weakling MeDe)
  6098 | D:7      | Found a sand-covered staircase.
  6112 | Ossuary  | Entered an ossuary
  6504 | Ossuary  | Reached skill level 5 in Transmutations
  6629 | D:7      | Reached XP level 9. HP: 66/66 MP: 18/18
  6954 | D:7      | Found Haloruy's Distillery.
  6958 | D:7      | Bought a potion of curing for 42 gold pieces
  6960 | D:7      | Reached * piety under Hepliaklqana
  7057 | D:7      | Reached skill level 5 in Fighting
  7263 | D:7      | Reached skill level 8 in Unarmed Combat
  7763 | D:7      | Reached skill level 5 in Invocations
  8469 | D:8      | Noticed a hornet
  8475 | D:8      | Paralysed by a hornet for 1 turns
  8477 | D:8      | Killed a hornet
  8761 | D:8      | Noticed a hornet
  8764 | D:8      | Killed a hornet
  8765 | D:8      | Reached skill level 5 in Short Blades
  8765 | D:8      | Reached skill level 5 in Long Blades
  8765 | D:8      | Reached skill level 5 in Axes
  8765 | D:8      | Reached skill level 5 in Maces & Flails
  8765 | D:8      | Reached skill level 5 in Polearms
  8765 | D:8      | Reached skill level 5 in Staves
  8765 | D:8      | Reached skill level 5 in Ranged Weapons
  8765 | D:8      | Reached skill level 5 in Throwing
  8765 | D:8      | Reached skill level 5 in Armour
  8765 | D:8      | Reached skill level 5 in Stealth
  8765 | D:8      | Reached skill level 5 in Shields
  8765 | D:8      | Reached skill level 5 in Evocations
  8765 | D:8      | Reached XP level 10. HP: 58/68 MP: 12/20
  9023 | D:8      | Noticed Maurice
  9023 | D:8      | Paralysed by Maurice for 5 turns
  9049 | D:8      | Killed Maurice
  9370 | D:9      | Noticed Psyche
  9386 | D:9      | Killed Psyche
  9466 | D:9      | Learned a level 3 spell: Ignite Poison
  9471 | D:9      | Learned a level 4 spell: Ice Form
  9515 | D:9      | Found a shimmering blue altar of Sif Muna.
  9746 | D:9      | Reached ** piety under Hepliaklqana
  9747 | D:9      | Remembered your ancestor Sponge as a hexer
 10121 | D:9      | Noticed a two-headed ogre
 10166 | D:9      | Killed a two-headed ogre
 10612 | D:9      | Found a staircase to the Orcish Mines.
 10621 | Orc:1    | Entered Level 1 of the Orcish Mines
 10798 | D:10     | Entered Level 10 of the Dungeon
 10829 | D:10     | Found a flagged portal.
 10851 | Bailey   | Entered a bailey
 10867 | Bailey   | Reached skill level 9 in Unarmed Combat
 10892 | Bailey   | Reached skill level 5 in Conjurations
 10892 | Bailey   | Reached skill level 5 in Hexes
 10892 | Bailey   | Reached skill level 5 in Summonings
 10892 | Bailey   | Reached skill level 5 in Necromancy
 10892 | Bailey   | Reached skill level 5 in Translocations
 10892 | Bailey   | Reached skill level 5 in Fire Magic
 10892 | Bailey   | Reached skill level 5 in Ice Magic
 10892 | Bailey   | Reached skill level 5 in Air Magic
 10892 | Bailey   | Reached skill level 5 in Earth Magic
 10892 | Bailey   | Reached skill level 5 in Poison Magic
 10892 | Bailey   | Reached XP level 11. HP: 56/74 MP: 14/22
 11060 | Bailey   | Noticed Prince Ribbit
 11060 | Bailey   | Noticed a vault guard
 11083 | Bailey   | Killed Prince Ribbit
 11096 | Bailey   | Killed a vault guard
 11822 | Bailey   | Learned a level 5 spell: Iskenderun's Battlesphere
 11833 | Bailey   | Noticed a vault guard
 11848 | Bailey   | Killed a vault guard
 12265 | D:10     | Noticed a two-headed ogre
 12279 | D:10     | Killed a two-headed ogre
 12527 | D:10     | Found a radiant altar of Vehumet.
 12533 | D:10     | Learned a level 4 spell: Sticky Flame
 12631 | D:10     | Reached *** piety under Hepliaklqana
 12863 | D:10     | Found a burning altar of Makhleb.
 13145 | D:10     | Found an opulent altar of Gozag.
 13215 | D:11     | Noticed a cyclops
 13295 | D:11     | Noticed a boulder beetle
 13312 | D:11     | Killed a boulder beetle
 13345 | D:11     | Found a staircase to the Lair.
 13349 | D:11     | Noticed an oklob plant
 13360 | D:11     | Killed an oklob plant
 13601 | D:11     | Found a shimmering altar of Xom.
 13753 | D:11     | Noticed a manticore
 13768 | D:11     | Killed a manticore
 14188 | D:4      | Bought a condenser vane for 520 gold pieces
 14351 | D:7      | Killed Pickoidrickoid's ghost
 14379 | D:7      | Identified the +1 cloak of Gallantry {rPois}
 14490 | D:7      | Bought 2 potions of flight for 84 gold pieces
 14598 | Orc:1    | Noticed Erolcha
 14598 | Orc:1    | Noticed an orc sorcerer
 14601 | Orc:1    | Noticed a cyclops
 14603 | Orc:1    | Noticed a two-headed ogre
 14613 | Orc:1    | Killed a two-headed ogre
 14618 | Orc:1    | Reached XP level 12. HP: 62/81 MP: 10/24
 14634 | Orc:1    | Paralysed by an orc sorcerer for 3 turns
 15552 | D:12     | Noticed a boulder beetle
 15583 | D:12     | Noticed Frances
 15928 | Orc:1    | Killed Erolcha
 15974 | Orc:1    | Noticed an orc high priest
 15985 | Orc:2    | Entered Level 2 of the Orcish Mines
 15988 | Orc:2    | Killed an orc high priest
 15989 | Orc:2    | Reached skill level 10 in Unarmed Combat
 16294 | Orc:2    | Noticed an orc high priest
 16310 | Orc:2    | Killed an orc high priest
 16473 | Orc:2    | Found a staircase to the Elven Halls.
 16605 | D:9      | Learned a level 4 spell: Hailstorm
 16620 | Orc:1    | Reached **** piety under Hepliaklqana
 16896 | Lair:1   | Entered Level 1 of the Lair of Beasts
 16991 | Lair:1   | Found a blossoming altar of Fedhas.
 17124 | Lair:1   | Noticed Maggie
 17139 | Lair:1   | Killed Maggie
 18150 | Lair:2   | Found the +14 obsidian axe {vorpal, Mesm Drain Fly SInv}
 18158 | Lair:2   | Reached ***** piety under Hepliaklqana
 18262 | Lair:2   | Found a staircase to the Swamp.
 18993 | Lair:3   | Reached XP level 13. HP: 56/89 MP: 14/26
 19034 | Lair:3   | Found a dark tunnel.
 19135 | Volcano  | Entered a volcano
 19228 | Volcano  | Gained mutation: You occasionally shout uncontrollably at
                  | your foes. [potion of mutation]
 19228 | Volcano  | Gained mutation: Your magical capacity is low. (-10% MP)
                  | [potion of mutation]
 19228 | Volcano  | Lost mutation: Your magical capacity is low. (-10% MP)
                  | [potion of mutation]
 19228 | Volcano  | Gained mutation: You have large cloven feet. [potion of
                  | mutation]
 19491 | Lair:3   | Found a hole to the Spider Nest.
 19535 | Lair:3   | Reached skill level 10 in Spellcasting
 19566 | Lair:3   | Got The Foundations of Incantation
 20539 | Lair:4   | Reached skill level 10 in Dodging
 20539 | Lair:4   | Reached skill level 11 in Unarmed Combat
 22841 | Orc:2    | Gained mutation: Armour fits poorly on your strangely
                  | shaped body. [a neqoxec]
 22847 | Orc:2    | Gained mutation: You are frail. (-10% HP) [a neqoxec]
 22853 | Orc:2    | Gained mutation: You are very frail. (-20% HP) [a neqoxec]
 22865 | Orc:2    | Reached XP level 14. HP: 29/73 MP: 1/28
 22866 | Orc:2    | Reached skill level 10 in Invocations
 22871 | Orc:2    | Noticed Urug
 23755 | Orc:2    | Killed Urug
 24949 | Orc:2    | Found Zionoefru's Assorted Antiques.
 24953 | Orc:2    | Found Luikhlie's Antique Armour Shoppe.
 24953 | Orc:2    | Found Zenk's Antique Armour Shoppe.
 25106 | Orc:2    | Reached skill level 10 in Fighting
 25236 | Orc:2    | Found Umijirgh's Antique Armour Emporium.
 25449 | Orc:2    | Lost mutation: You have large cloven feet. [potion of
                  | mutation]
 25449 | Orc:2    | Lost mutation: You are very frail. (-20% HP) [potion of
                  | mutation]
 25449 | Orc:2    | Lost mutation: You are frail. (-10% HP) [potion of
                  | mutation]
 25449 | Orc:2    | Gained mutation: You have supernaturally acute eyesight.
                  | (SInv) [potion of mutation]
 25449 | Orc:2    | Lost mutation: You occasionally shout uncontrollably at
                  | your foes. [potion of mutation]
 25449 | Orc:2    | Gained mutation: You are partially covered in iridescent
                  | scales. (AC +2) [potion of mutation]
 25887 | D:7      | Bought a potion of curing for 42 gold pieces
 25887 | D:7      | Bought a potion of ambrosia for 112 gold pieces
 25958 | D:11     | Killed Frances
 27606 | D:13     | Identified the +8 short sword of Duty {protect, Fly rPois
                  | MP+9 Dex-3}
 27744 | D:13     | Noticed Azrael
 27953 | Spider:1 | Entered Level 1 of the Spider Nest
 28528 | Spider:1 | Learned a level 5 spell: Summon Forest
 29144 | Spider:1 | Reached skill level 10 in Short Blades
 29144 | Spider:1 | Reached skill level 10 in Long Blades
 29144 | Spider:1 | Reached skill level 10 in Axes
 29144 | Spider:1 | Reached skill level 10 in Maces & Flails
 29144 | Spider:1 | Reached skill level 10 in Polearms
 29144 | Spider:1 | Reached skill level 10 in Staves
 29144 | Spider:1 | Reached skill level 10 in Ranged Weapons
 29144 | Spider:1 | Reached skill level 10 in Throwing
 29144 | Spider:1 | Reached skill level 10 in Armour
 29144 | Spider:1 | Reached skill level 10 in Stealth
 29144 | Spider:1 | Reached skill level 10 in Shields
 29144 | Spider:1 | Reached skill level 10 in Evocations
 29839 | Spider:1 | Reached XP level 15. HP: 105/105 MP: 28/30
 29936 | Spider:1 | Reached skill level 12 in Unarmed Combat
 30777 | Spider:1 | Noticed Asterion
 30864 | Swamp:1  | Entered Level 1 of the Swamp
 31246 | Swamp:1  | Learned a level 5 spell: Irradiate
 31705 | Swamp:1  | Learned a level 5 spell: Blade Hands
 31910 | Orc:2    | Bought a masterwork ring mail for 270 gold pieces
 31910 | Orc:2    | Identified the +5 ring mail of the Onion {rF- rN+++ Regen+
                  | Dex+2} (You bought it in a shop on level 2 of the Orcish
                  | Mines)
 31920 | Orc:2    | Bought a runed scarf for 240 gold pieces
 32205 | Swamp:2  | Noticed a thorn hunter
 32216 | Swamp:2  | Killed from afar by a thorn hunter

Illustrated notes

Levels and vault maps discovered:
D:1:      onia_arrival_pyramid, layout_rooms,
          hellmonk_ecumenical_altar_inner_sanctum
D:2:      layout_basic, minivault_4, uniq_terence, uniq_crazy_yiuf_cottage
D:3:      layout_loops_cross, nicolae_overflow_ecumenical_swirl,
          mainiacjoe_overflow_six_doors_small, fountainhead, st_stairs_6,
          hangedman_decor_growths
D:4:      layout_gridville, nicolae_qazlal_scattered_showers, grunt_decor_cap,
          nicolae_shop_gadgets
D:5:      layout_loops_ring, grunt_dithmenos_shadows,
          mainiacjoe_overflow_catch_the_wave
D:6:      layout_gridville, kennysheep_little_box
D:7:      layout_basic, nemelex_diamond_rough_becter, temple_green,
          serial_shops, shop, biasface_ghost_orc_armoury,
          nicolae_ossuary_entry_catacombs, hex_intersection
D:8:      layout_loops_corners, minmay_misc_feat_pillars, uniq_maurice
D:9:      layout_gridville, tgw_sif, david_orc_4, uniq_psyche
D:10:     layout_irregular_city, lemuel_coloured_pillars_altar, vehumet_statue,
          demons_altar, enter_bailey_2
D:11:     layout_rooms, dpeg_oklobed_lair, led_xom_imps
D:12:     layout_rooms, uniq_frances
D:13:     layout_loops_corners, grunt_ministairs_5, uniq_azrael
Temple:   hellmonk_temple_micro_hex
Lair:1:   layout_cellular_growth, basic_altar, serial_bayou_pond_c, uniq_maggie
Lair:2:   layout_cave_pods, swamp_mist, dreamdust_deal_with_the_devil,
          patterned_corridor
Lair:3:   layout_chaotic_city, dummy_spider_entry,
          nicolae_volcano_entry_vermiform, minivault_27,
          chequers_serial_rivers_large_a, infiniplex_staircase_pool_2
Lair:4:   layout_concentric_octagons, grunt_megastairs_3
Swamp:1:  layout_basic_swamp, nicolae_swamp_fairy_circle, swamp_pool5
Swamp:2:  layout_basic_swamp, gammafunk_ghost_grave,
          evilmike_swamp_ruin_house_5, swamp_pool3
Spider:1: layout_spider_delve, uniq_asterion
Orc:1:    layout_caves, uniq_erolcha
Orc:2:    st_orc_open, layout_diamond_mine, uniq_urug

Skill      XL: |  1  2  3  4  5  6  7  8  9 10 11 12 13 14 15 |
---------------+----------------------------------------------+-----
Spellcasting   | 5 6 7 8 9 10 11 | 11.5
Invocations    | 1 2 3 4 5 6 7 8 9 10 11 | 11.3
Short Blades   | 1 2 3 5 6 7 8 9 10 | 10.4
Long Blades    | 1 2 3 5 6 7 8 9 10 | 10.4
Axes           | 1 2 3 5 6 7 8 9 10 | 10.4
Maces & Flails | 1 2 3 5 6 7 8 9 10 | 10.4
Polearms       | 1 2 3 5 6 7 8 9 10 | 10.4
Staves         | 1 2 3 5 6 7 8 9 10 | 10.4
Ranged Weapons | 1 2 3 5 6 7 8 9 10 | 10.4
Throwing       | 1 2 3 5 6 7 8 9 10 | 10.4
Armour         | 1 2 3 5 6 7 8 9 10 | 10.4
Stealth        | 1 2 3 5 6 7 8 9 10 | 10.4
Shields        | 1 2 3 5 6 7 8 9 10 | 10.4
Evocations     | 1 2 3 5 6 7 8 9 10 | 10.4
Conjurations   | 1 2 3 4 5 6 7 8 |  8.7
Hexes          | 1 2 3 4 5 6 7 8 |  8.7
Summonings     | 1 2 3 4 5 6 7 8 |  8.7
Necromancy     | 1 2 3 4 5 6 7 8 |  8.7
Translocations | 1 2 3 4 5 6 7 8 |  8.7
Fire Magic     | 1 2 3 4 5 6 7 8 |  8.7
Ice Magic      | 1 2 3 4 5 6 7 8 |  8.7
Air Magic      | 1 2 3 4 5 6 7 8 |  8.7
Earth Magic    | 1 2 3 4 5 6 7 8 |  8.7
Poison Magic   | 1 2 3 4 5 6 7 8 |  8.7
Fighting       | 3 4 5 6 7 8 9 10 | 10.7
Transmutations | 4 5 6 7 8 9 |  9.5
Dodging        | 5 6 7 8 9 10 11 | 11.3
Unarmed Combat | 7 8 9 10 11 12 | 12.2

Action                   |  1- 3 |  4- 6 |  7- 9 | 10-12 | 13-15 || total
-------------------------+-------+-------+-------+-------+-------++-------
Melee: Unarmed           |    53 |    73 |   388 |   317 |       ||   831
       Kick              |    16 |    13 |       |       |       ||    29
       Bite              |     6 |     4 |       |     7 |       ||    17
       Headbutt          |     7 |    22 |       |       |       ||    29
       Punch             |     3 |     2 |       |    10 |       ||    15
       Mace              |    32 |    60 |     1 |       |       ||    93
       Spear             |       |       |     1 |    13 |       ||    14
       Dagger            |       |       |       |    38 |       ||    38
 Fire: Sling             |       |       |       |   161 |   700 ||   861
 Cast: Beastly Appendage |    21 |    26 |       |       |       ||    47
       Wereblood         |     2 |     2 |     2 |     6 |       ||    12
       Spider Form       |       |    17 |    42 |    33 |       ||    92
       Call Canine Famil |       |       |     8 |    34 |     1 ||    43
       Ice Form          |       |       |       |     6 |       ||     6
       Iskenderun's Batt |       |       |       |     9 |    11 ||    20
       Sticky Flame      |       |       |       |     9 |    97 ||   106
       Hailstorm         |       |       |       |    11 |    83 ||    94
       Summon Forest     |       |       |       |       |     2 ||     2
Invok: Ancestor Identity |       |       |       |     2 |       ||     2
       Ancestor Life: He |       |       |       |     1 |       ||     1
       Recall Ancestor   |       |       |       |     1 |     2 ||     3
       Idealise          |       |       |       |       |     1 ||     1
Evoke: Wand              |       |       |       |     2 |     4 ||     6
       Condenser vane    |       |       |       |     1 |     1 ||     2
  Use: Scroll            |       |     5 |     1 |    11 |     7 ||    24
       Potion            |       |       |       |     9 |     3 ||    12
 Stab: Sleeping          |     1 |     6 |     7 |       |       ||    14
       Distracted        |       |       |     2 |     4 |       ||     6
       Confused          |       |       |       |     9 |       ||     9
Armor: Robe              |    16 |    18 |     4 |    18 |    91 ||   147
       Skin              |       |    10 |    39 |    38 |       ||    87
       Ring mail         |       |       |       |       |     3 ||     3
Dodge: Dodged            |    61 |   107 |   347 |   337 |   221 ||  1073
